 Dungeon Crawl Stone Soup version 0.31-a0-1074-g0b22e4e0f1 (webtiles) character file.

Game seed: 16244075966235376622

10 bmb222 the Sneak (level 2, 0/24 HPs)
             Began as a Demonspawn Delver on Nov 30, 2023.
             Slain by a sleepcap (14 damage)
             ... on level 4 of the Dungeon.
             The game lasted 00:01:09 (323 turns).

bmb222 the Sneak (Demonspawn Delver)                 Turns: 323, Time: 00:01:10

Health: 0/24       AC:  3    Str: 12    XL:     2   Next: 10%
Magic:  2/2        EV:  2    Int: 11    God:
Gold:   12         SH:  0    Dex: 14    Spells: 1/1 levels left

rFire   . . .        a - +0 mace
rCold   . . .        (no shield)
rNeg    . . .        b - +0 leather armour
rPois   .            (no helmet)
rElec   .            (no cloak)
rCorr   .            (no gloves)
SInv    .            (no boots)
Will    .....        (no amulet)
Stlth   +++          (no ring)
HPRegen 0.24/turn    (no ring)
MPRegen 0.08/turn

%: no passive effects
@: sleeping
A: spiny 1
a: no special abilities


You were on level 4 of the Dungeon.
You visited 1 branch of the dungeon, and saw 2 of its levels.

You collected 12 gold pieces.

Inventory:

Hand Weapons
 a - a +0 mace (weapon)
Armour
 b - a +0 leather armour (worn)
Wands
 g - a wand of digging (3)
Scrolls
 c - a scroll of fog
 e - a scroll of fear


   Skills:
 + Level 3.2 Fighting
 * Level 1.8 Maces & Flails
 * Level 0.1 Armour
 - Level 1.7 Dodging
 - Level 4.7 Stealth


You had one spell level left.
You didn't know any spells.
Your spell library was empty.

Dungeon Overview and Level Annotations

Branches:
Dungeon (5/15)
 Temple: D:4-7

Altars:


Innate Abilities, Weirdness & Mutations

You are partially covered in sharp spines.


Message History

You hit the giant cockroach.
You kill the giant cockroach!
No target in view!
A sleepcap comes into view.
A sleepcap is nearby!
A sleepcap is nearby!
A sleepcap is nearby!
A sleepcap is nearby!
The sleepcap barely misses you.
You hit the sleepcap.
The sleepcap is moderately damaged.
The sleepcap releases spores at you.
You are engulfed in a cloud of soporific spores!
You fall asleep.
You wake up.
You hit the sleepcap but do no damage.
The sleepcap is moderately damaged.
The sleepcap closely misses you. The sleepcap releases spores at you.
You are engulfed in a cloud of soporific spores!
You are unaffected.
You hit the sleepcap.
The sleepcap is moderately damaged.
The sleepcap releases spores at you but does no damage.
You hit the sleepcap.
The sleepcap is heavily damaged.
The sleepcap is struck by your spines. The sleepcap closely misses you.
Unknown command.
You hit the sleepcap.
The sleepcap is heavily damaged.
The sleepcap barely misses you.
The sleepcap releases spores at you but does no damage.
Unknown command.
You hit the sleepcap but do no damage.
The sleepcap is heavily damaged.
The sleepcap is struck by your spines. The sleepcap releases spores at you.
You are engulfed in a cloud of soporific spores!
You fall asleep.
The sleepcap releases spores at you!
Ouch! That really hurt!
You die...

#############
#...........#
##.#####..########.#
.#.#.....## #.#
##.###############.#######
#f@...............#
#####.....#.#####.#
.........#.<...#.#
..........#######..
...........#.....###
...........#.###....
...........#.#.....#
...........#.#.###.#
#######..#.#.#.# #..


You could see a sleepcap.

Vanquished Creatures
  3 orcs (D:5)
  A giant cockroach (D:4)
  A kobold (D:4)
  A quokka (D:5)
6 creatures vanquished.

Notes
Turn   | Place    | Note
-------+----------+-------------------------------------------
     0 | D:5      | bmb222 the Demonspawn Delver began the quest for the Orb.
     0 | D:5      | Reached XP level 1. HP: 18/18 MP: 1/1
     8 | D:5      | Noticed an orc wizard
   102 | D:5      | Noticed an iguana
   147 | D:5      | Noticed an ogre
   175 | D:5      | Noticed a water moccasin
   202 | D:4      | Gained mutation: You are partially covered in sharp spines.
                  | [demonic ancestry]
   202 | D:4      | Reached XP level 2. HP: 20/24 MP: 2/2
   323 | D:4      | Slain by a sleepcap

Illustrated notes

Levels and vault maps discovered:
D:4:      layout_basic, mainiacjoe_overflow_chevrons, temple_statues,
          serial_shops, nicolae_shop_real_fake_doors, shop,
          nicolae_shop_pleasant_corner_grove, nicolae_square_shop,
          serial_co_window_serial, co_window_of_opportunity_a,
          co_window_cross_1, co_window_paths_b, co_window_paths_b,
          co_window_paths_a, co_window_corner_b, co_window_unsneaky_path_a,
          co_window_of_opportunity_b, serial_bayou_lagoon_a
D:5:      layout_rooms

Action                     || total
---------------------------++-------
  Melee: Mace              ||    36
    Use: Scroll            ||     1
         Potion            ||     1
   Stab: Sleeping          ||     1
 Armour: Leather armour    ||    20
  Dodge: Dodged            ||    23

Table legend: (Time is in decaauts)
 A = Elapsed time spent in this place.
 B = Non-inter-level travel time spent in this place.
 C = Inter-level travel time spent in this place.
 D = Time resting spent in this place.
 E = Time spent auto-exploring this place.
 F = Levels seen in this place.
 G = Mean time per level.
                   A        B        C        D        E       F      G
               +--------+--------+--------+--------+--------+-----+--------+
         Total |    319 |    319 |      0 |     31 |    115 |   2 |  159.5 |
       Dungeon |    319 |    319 |      0 |     31 |    115 |   2 |  159.5 |
               +--------+--------+--------+--------+--------+-----+--------+

Top non-repeatable levels by time:
     D:5: 175 daAuts
     D:4: 144 daAuts
